AoeStats
← TigerGecko

QS Arena

503720572Analyzed
4v4 RM · 1mo ago on Sep 2, 2026· 54m 9s· 8 players
Game mode
Random Map
Map size
Large (8 player)
Population
200
Speed
Normal
Resources
Standard
Victory
Conquest
Starting age
Dark Age
Ending age
Imperial Age
RankedLock teamsTeams togetherTeam positionsShared explorationLock speedFull tech treeHidden civsTurbo modeCheats
Victory
Defeat
🇹🇷 Chinese · Türkiye
1596
+12
🇦🇷 Maya · Argentina
1582
+12
🇩🇪 Hindustanis · Germany
1398
+21
🇨🇴 Khmer · Colombia
1392
+21
🇺🇸 Goths · United States
1536
-18
🇺🇸 Georgians · United States
1496
-16
🇲🇽 Celts · Mexico
1494
-16
🇺🇸 Gurjaras · United States
1482
-16
DippityDang
8:28 Feudal Age
12:18 Castle Age
10:39 Double-Bit Axe
11:15 Horse Collar
13:15 Bow Saw
17:55 Heavy Plow
20:24 Wheelbarrow
19:51 Gold Mining
22:00 Hand Cart
25:50 Imperial Age
23:07 Loom
23:31 Scale Barding Armor
23:29 Padded Archer Armor
24:29 Ballistics
24:43 Fletching
24:58 Stone Mining
26:15 Thumb Ring
26:28 Bodkin Arrow
27:37 Chemistry
27:00 Bloodlines
28:26 Bracer
28:42 Leather Archer Armor
28:28 Husbandry
29:21 Gold Shaft Mining
30:15 Conscription
31:19 Elite Elephant Archer
33:03 Masonry
33:29 Elite Skirmisher
35:55 Scale Barding Armor
35:57 Light Cavalry
36:48 Forging
36:59 Chain Barding Armor
38:24 Iron Casting
38:00 Town Watch
iron john
7:45 Feudal Age
11:31 Castle Age
10:09 Double-Bit Axe
10:28 Horse Collar
12:29 Bow Saw
14:42 Heavy Plow
19:17 Stone Mining
19:22 Gold Mining
20:50 Wheelbarrow
20:50 Loom
20:50 Town Watch
21:47 Scale Barding Armor
23:42 Stone Shaft Mining
26:03 Imperial Age
24:33 Masonry
24:07 Treadmill Crane
24:54 Chain Barding Armor
25:44 Hand Cart
25:41 Forging
26:23 Fletching
26:54 Ballistics
26:52 Bloodlines
26:43 Husbandry
27:10 Conscription
27:56 Crop Rotation
28:10 Plate Barding Armor
27:15 Cavalier
30:06 Iron Casting
30:07 Coinage
31:54 Blast Furnace
31:57 Bodkin Arrow
33:04 Chemistry
31:50 Arrowslits
32:58 Murder Holes
34:03 Chemistry
32:48 Arrowslits
33:11 Svan Towers
35:01 Scale Mail Armor
34:32 Pikeman
35:12 Squires
35:24 Guard Tower
35:37 Halberdier
37:30 Chain Mail Armor
37:35 Bracer
39:48 Keep
38:40 Light Cavalry
42:39 Masonry
42:41 Hussar
43:53 Plate Mail Armor
46:53 Banking
47:32 Fortified Wall
49:40 Guilds
49:25 Capped Ram
50:10 Siege Ram
50:58 Siege Engineers
51:23 Architecture
ShiftyShnike
7:42 Feudal Age
12:08 Castle Age
10:33 Double-Bit Axe
11:02 Horse Collar
13:12 Bow Saw
18:03 Wheelbarrow
18:04 Heavy Plow
19:05 Loom
20:50 Gold Mining
21:31 Hand Cart
26:35 Imperial Age
24:16 Scale Mail Armor
24:30 Squires
25:44 Anarchy
26:02 Chain Mail Armor
25:58 Forging
25:46 Man-at-Arms
26:33 Long Swordsman
28:17 Iron Casting
27:09 Two-Handed Swordsman
29:06 Conscription
30:11 Blast Furnace
30:27 Champion
33:27 Chemistry
32:46 Perfusion
42:04 Elite Huskarl
44:03 Pikeman
45:05 Halberdier
47:05 Masonry
46:51 Murder Holes
Josh
8:07 Feudal Age
6:29 Loom
8:32 Feudal Age
11:39 Fletching
21:36 Castle Age
22:16 Bodkin Arrow
27:09 Guard Tower
28:56 Stronghold
31:29 Murder Holes
41:00 Wheelbarrow
43:05 Imperial Age
41:14 Double-Bit Axe
43:03 Wheelbarrow
48:11 Bow Saw
47:39 Pikeman
52:54 Furor Celtica
53:02 Heavy Scorpion
TigerGecko
8:46 Feudal Age
9:56 Horse Collar
12:22 Castle Age
10:38 Double-Bit Axe
13:27 Bow Saw
14:24 Heavy Plow
16:53 Wheelbarrow
18:21 Stone Mining
23:22 Hand Cart
23:18 Gold Mining
26:09 Imperial Age
23:25 Loom
23:26 Town Watch
25:38 Gold Shaft Mining
25:39 Stone Shaft Mining
25:24 Scale Barding Armor
26:08 Bloodlines
25:59 Husbandry
26:24 Chain Barding Armor
26:15 Forging
26:32 Heavy Camel Rider
28:10 Plate Barding Armor
28:32 Iron Casting
28:18 Imperial Camel Rider
31:23 Conscription
31:33 Grand Trunk Road
33:22 Blast Furnace
34:08 Two-Man Saw
37:31 Fletching
38:29 Bodkin Arrow
40:42 Caravan
41:13 Coinage
41:12 Town Patrol
42:53 Bracer
42:23 Light Cavalry
43:06 Hussar
45:02 Banking
47:31 Scale Mail Armor
52:39 Chain Mail Armor
53:02 Elite Ghulam
Mahore
7:38 Feudal Age
9:05 Loom
12:02 Castle Age
14:00 Double-Bit Axe
17:50 Bow Saw
20:43 Wheelbarrow
20:01 Gold Mining
20:04 Horse Collar
23:36 Hand Cart
24:26 Gold Shaft Mining
28:26 Imperial Age
25:46 Town Watch
26:09 Stone Mining
28:06 Forging
27:57 Scale Mail Armor
28:17 Tusk Swords
27:46 Pikeman
28:13 Arson
29:31 Iron Casting
28:47 Halberdier
29:45 Chain Mail Armor
29:53 Conscription
29:54 Heavy Plow
30:32 Stone Shaft Mining
31:17 Town Patrol
32:19 Blast Furnace
31:08 Capped Ram
32:57 Siege Ram
33:59 Heavy Scorpion
35:42 Chemistry
35:03 Ballistics
34:49 Siege Engineers
37:43 Double Crossbow
45:25 Bloodlines
45:15 Husbandry
44:36 Light Cavalry
47:18 Hussar
gyNNNNN
6:02 Feudal Age
4:40 Loom
7:25 Fletching
19:35 Castle Age
18:00 Double-Bit Axe
20:10 Bodkin Arrow
21:46 Ballistics
22:45 Guard Tower
ValerioN__
7:45 Feudal Age
11:24 Castle Age
9:30 Horse Collar
10:24 Double-Bit Axe
13:09 Bow Saw
13:00 Heavy Plow
19:32 Wheelbarrow
24:11 Imperial Age
22:15 Hand Cart
22:17 Scale Mail Armor
22:28 Forging
22:02 Man-at-Arms
22:43 Squires
23:32 Chain Mail Armor
23:35 Loom
23:25 Long Swordsman
25:09 Iron Casting
24:14 Two-Handed Swordsman
26:02 Plate Mail Armor
25:21 Arson
25:11 Champion
25:38 Capped Ram
28:19 Blast Furnace
28:50 Fletching
30:04 Chemistry
31:13 Ballistics
30:20 Heavy Scorpion
31:24 Siege Ram
36:19 Conscription
38:51 Two-Man Saw
41:03 Rocketry
40:56 Masonry
42:47 Fletching
44:00 Bodkin Arrow
44:05 Padded Archer Armor
44:38 Architecture
45:41 Bracer
46:10 Elite Chu Ko Nu
47:09 Leather Archer Armor
49:02 Ring Archer Armor
49:37 Thumb Ring
51:25 Caravan
Connection lost

Rejoining the realm…

Still unreachable

The connection could not be restored.

Session expired

The server has moved on; the page needs a fresh start.